 Dungeon Crawl Stone Soup version 0.26.0-10-g1f06aea511 (webtiles) character file.

Game seed: 14987207307855669996

186 Borgoz the Ducker (level 5, -9/45 HPs)
             Began as a Ghoul Gladiator on Jan 18, 2021.
             Killed by divine providence
             ... invoked by an orc priest
              (10 damage)
             ... on level 3 of the Dungeon.
             The game lasted 00:03:03 (2554 turns).

Borgoz the Ducker (Ghoul Gladiator)                 Turns: 2554, Time: 00:03:04

Health: -9/45      AC:  4    Str: 16 (18) XL:     5   Next: 66%
Magic:  4/4        EV: 12    Int:  1 (3)  God:
Gold:   110        SH:  0    Dex:  8 (11) Spells: 4/4 levels left

rFire    . . .     SeeInvis .   a - +0 long sword
rCold    + . .     Faith    .   (no shield)
rNeg     + + +     Spirit   .   b - +0 leather armour
rPois    ∞         Reflect  .   c - +0 helmet
rElec    .         Harm     .   (no cloak)
rCorr    .         Rampage  .   (no gloves)
Will     .....                  (no boots)
Stlth    +.........             (no amulet)
HPRegen  0.00/turn              (no ring)
MPRegen  0.09/turn              (no ring)

@: no status effects
A: claws 1, cold resistance 1, negative energy resistance 3, inhibited
regeneration, torment resistance, unbreathing
a: no special abilities


You were on level 3 of the Dungeon.
You visited 1 branch of the dungeon, and saw 3 of its levels.

You collected 110 gold pieces.

Inventory:

Hand Weapons
 a - a +0 long sword (weapon)
Missiles
 d - 3 throwing nets (quivered)
Armour
 b - a +0 leather armour (worn)
 c - a +0 helmet (worn)
Jewellery
 r - an uncursed ring of resist corrosion {unknown}
Wands
 p - a wand of flame (12)
Scrolls
 e - a scroll of identify
 h - 3 scrolls of remove curse
 j - a scroll of fear {unknown}
 o - 2 scrolls of amnesia
 s - a scroll of enchant armour {unknown}
Potions
 f - 3 potions of degeneration
 g - 2 potions of curing {unknown}
 i - a potion of flight {unknown}
 k - a potion of heal wounds {unknown}
 l - a potion of cancellation {unknown}
 m - a potion of might {unknown}
 q - 2 potions of attraction {unknown}


   Skills:
 + Level 3.2 Fighting
 * Level 3.8 Long Blades
 - Level 1.7 Throwing
 + Level 1.5 Armour
 * Level 3.9 Dodging


You had 4 spell levels left.
You didn't know any spells.
Your spell library was empty.

Dungeon Overview and Level Annotations

Branches:
Dungeon (3/15)

Altars:


Innate Abilities, Weirdness & Mutations

You thrive by killing the living.
You are immune to poison.
You have sharp fingernails.
Your flesh is cold resistant. (rC+)
You are immune to negative energy. (rN+++)
You do not regenerate when monsters are visible.
You are immune to unholy pain and torment.
You can survive without breathing.


Message History

The orc hits you with a +0 short sword.
* * * LOW HITPOINT WARNING * * *
The orc hits you but does no damage.
As you read the scroll labelled ISUABE WIUBAG, it crumbles to dust.
The scroll dissolves into smoke.
It was a scroll of fog.
The orc wizard hits you with a +0 dagger.
* * * LOW HITPOINT WARNING * * *
The orc misses you.
You riposte.
You barely miss the orc.
The orc is severely wounded.
Okay, then.
The orc closely misses you.
The orc wizard hits you with a +0 dagger.
* * * LOW HITPOINT WARNING * * *
The orc hits you but does no damage.
You feel yourself speed up.
The orc wizard hits you with a +0 dagger.
* * * LOW HITPOINT WARNING * * *
The orc priest invokes the aid of Beogh against you.
Beogh smites you!
You die...

#.# #.# #.# ≈.♣.≈.
.≈.♣.≈. #.#
.≈.≈.≈.≈.≈.≈.≈ #.#
..≈...≈...≈... #.#
.≈.≈.≈!≈.≈.≈.≈. #.#
≈...≈.♣.≈...≈..##.#
.≈.≈.≈.≈.≈.≈..##@.#
..≈o..≈...≈..##..##
#).≈.≈.≈.≈..##oo##
##..≈o..≈..##.o##
##.o)....##oo##
###'''###o§##
#.....o§##
#########


You could see 2 orc priests, an orc wizard and 2 orcs.

Vanquished Creatures
  Terence (D:2)
  3 adders (D:2)
  2 oozes
  6 dart slugs
  2 leopard geckos
  7 orcs (D:3)
  3 giant cockroaches
  5 goblins
  13 hobgoblins
  21 jackals
  A ball python (D:2)
  11 bats
  A frilled lizard (D:2)
  10 kobolds
  6 rats
92 creatures vanquished.

Notes
Turn   | Place    | Note
-------+----------+-------------------------------------------
     0 | D:1      | Borgoz the Ghoul Gladiator began the quest for the Orb.
     0 | D:1      | Reached XP level 1. HP: 17/17 MP: 0/0
   203 | D:1      | Reached XP level 2. HP: 20/24 MP: 1/1
   423 | D:1      | Reached XP level 3. HP: 30/30 MP: 2/2
  1345 | D:2      | Reached skill level 1 in Armour
  1354 | D:2      | Reached XP level 4. HP: 37/37 MP: 3/3
  1370 | D:2      | Noticed Terence
  1385 | D:2      | Killed Terence
  1836 | D:2      | Reached XP level 5. HP: 44/44 MP: 4/4
  2553 | D:3      | HP: 1/45 [orc wizard/+0 dagger (5)]
  2554 | D:3      | Killed from afar by an orc priest

Illustrated notes

Levels and vault maps discovered:
D:1:      heliophobic_arrival_dark_side_of_the_moon, layout_loops_corners,
          serial_bayou_pond_b, minmay_distorted
D:2:      minmay_skewed_foursquare, layout_basic, st_stairs_7, uniq_terence
D:3:      layout_rooms, kennysheep_cluttered_room

Skill      XL: |  1  2  3  4  5 |
---------------+----------------+-----
Dodging        | 3 |  3.9
Long Blades    | 3 |  3.8
Armour         | 1 |  1.5
Fighting       | 3 |  3.2
Throwing       | |  1.7

Action                   |  1- 3 |  4- 6 || total
-------------------------+-------+-------++-------
Melee: Long sword        |   102 |   137 ||   239
  Use: Scroll            |       |     3 ||     3
       Potion            |       |     1 ||     1
Armor: Leather armour    |    44 |    58 ||   102
Dodge: Dodged            |    86 |   173 ||   259
       Rpst.: Long sword |    34 |    53 ||    87
